 Dungeon Crawl Stone Soup version 0.23.2-40-g277498a001 (webtiles) character file.

Game seed: 1434882469573123151

16725 KamiKatze the Impaler (level 12, -9/145 HPs)
             Began as a Merfolk Berserker on Aug 30, 2019.
             Was a High Priest of Trog.
             Killed from afar by a rime drake (36 damage)
             ... with a flash freeze
             ... on level 11 of the Dungeon on Aug 31, 2019.
             The game lasted 00:52:14 (12013 turns).

KamiKatze the Impaler (Merfolk Berserker)          Turns: 12013, Time: 00:52:14

Health: -9/145     AC: 18    Str: 27    XL:     12   Next: 40%
Magic:  13/13      EV: 19    Int:  7    God:    Trog [*****.]
Gold:   630        SH:  0    Dex: 18    Spells: 11/11 levels left

rFire    . . .     SeeInvis .   R - +0 trident
rCold    . . .     Gourm    .   (no shield)
rNeg     . . .     Faith    .   X - +0 swamp dragon scales
rPois    +         Spirit   .   G - +0 helmet (curse)
rElec    .         Reflect  .   v - +2 cloak {+Inv}
rCorr    .         Harm     .   h - +1 pair of gloves
MR       +....                  K - +0 pair of boots
Stlth    ..........             (no amulet)
HPRegen  0.34/turn              J - ring of protection from magic
MPRegen  0.13/turn              f - +5 ring of dexterity

@: berserking, very quick
A: change form in water, swift swim, stealthy swim
a: Berserk, Trog's Hand, Brothers in Arms, Renounce Religion, Evoke Invisibility


You were on level 11 of the Dungeon.
You worshipped Trog.
Trog was extremely pleased with you.
You were very hungry.

You visited 3 branches of the dungeon, and saw 13 of its levels.
You also visited: Ossuary.

You collected 630 gold pieces.

Inventory:

Hand Weapons
 a - a +3 halberd
 b - a +0 spear
 I - a +0 blowgun
 R - a +0 trident (weapon)
 T - a +5 hunting sling of flaming
 Y - a +0 eveningstar
Missiles
 k - 109 sling bullets
 l - 84 poisoned needles
 n - 312 stones
 M - a throwing net
 N - 2 steel javelins
 P - 9 tomahawks (quivered)
 Z - 5 needles of sleeping
Armour
 h - a +1 pair of gloves (worn)
 v - a +2 cloak of invisibility (worn)
 E - the +2 chain mail of Cocytus {rPois rCorr Str-2 Int-4}
   (You found it on level 5 of the Dungeon)

   It affects your strength (-2).
   It affects your intelligence (-4).
   It protects you from poison.
   It provides partial protection from all sources of acid and corrosion.
 G - a cursed +0 helmet (worn)
 K - a +0 pair of boots (worn)
 O - a scarf of repulsion
 Q - a +0 chain mail
 X - +0 swamp dragon scales (worn)
Jewellery
 f - a +5 ring of dexterity (right hand)
 J - a ring of protection from magic (left hand)
Wands
 w - a wand of polymorph (17)
 C - a wand of acid (5)
 S - a wand of flame (15)
 W - a wand of iceblast (3)
Scrolls
 d - 12 scrolls of teleportation
 e - a scroll of fear
 i - 2 scrolls of immolation {unknown}
 j - 11 scrolls of remove curse
 q - 5 scrolls of enchant armour
 r - a scroll of blinking
 y - 2 scrolls of enchant weapon
 A - 4 scrolls of magic mapping
 D - a scroll of vulnerability {unknown}
 F - a scroll of fog {unknown}
 V - 3 scrolls of identify
Potions
 g - 7 potions of curing
 m - 3 potions of flight
 o - 5 potions of heal wounds
 p - 2 potions of mutation
 t - 3 potions of ambrosia
 u - 3 potions of lignification
 x - 3 potions of invisibility
 z - 2 potions of cancellation
 H - a potion of berserk rage
 L - a potion of resistance
Miscellaneous
 U - a lamp of fire
Comestibles
 c - 21 rations
 s - 4 chunks of flesh


   Skills:
 + Level 10.1 Fighting
 * Level 16.7 Polearms
 * Level 8.4 Armour
 + Level 10.1 Dodging
 - Level 2.0 Evocations


You had 11 spell levels left.
You didn't know any spells.
Your spell library was empty.

Dungeon Overview and Level Annotations

Branches:
Dungeon (11/15)            Temple (1/1) D:5            Lair (1/6) D:11
    Orc: D:9-12

Altars:
Ashenzari
Cheibriados
Dithmenos
Elyvilon
Fedhas
Gozag
Hepliaklqana
Kikubaaqudgha
Makhleb
Nemelex Xobeh
Okawaru
Qazlal
Ru
Sif Muna
Trog
Uskayaw
Vehumet
Wu Jian
Xom
Yredelemnul
Zin
The Shining One

Shops:
D:6 (

Portals:
Trove: D:11 (give +5 fire dragon scales)


Message History

The eight-headed hydra misses you.
The eight-headed hydra closely misses you.
The eight-headed hydra completely misses you.
You puncture the eight-headed hydra!
The eight-headed hydra is almost dead.
The rime drake bites you but does no damage.
Unknown command.
You impale the eight-headed hydra!!
You kill the eight-headed hydra!
Trog accepts your kill.
You impale the rime drake!!
The rime drake is heavily wounded.
The rime drake closely misses you.
You barely miss the rime drake.
The rime drake is heavily wounded.
You puncture the rime drake!
The rime drake is almost dead.
The rime drake breathes ice at you. The flash freeze hits you!!!
You die...

#####.....≈.≈≈.≈.≈≈≈≈≈..#......>.
....#......≈≈≈≈≈.≈≈≈≈...'...#####
#...#......≈≈≈≈≈.≈≈≈..≈.#...#....
....#.......≈≈≈≈.≈≈.≈≈..##'##....
#...#.......≈≈≈...≈≈≈≈......#....
....#......≈≈≈.≈.≈.≈≈≈≈.....#....
#####......≈≈≈.≈..≈≈≈≈≈≈....#....
.........≈.≈≈...k..≈≈≈≈≈##'##....
#..........≈≈.≈†@.≈≈≈≈≈≈#...#....
...........≈≈≈....≈≈≈≈≈≈#...#....
..........≈≈≈≈.≈.≈.≈≈≈≈≈#...#....
########'...≈≈≈≈≈≈≈≈≈≈≈≈#.#.#....
.#..........≈≈≈≈≈≈≈≈≈≈....#..)...
.#........≈≈≈≈≈.≈≈≈≈≈.....#......
.#...........≈.≈≈≈≈≈≈.....#......
.#.............≈...≈≈.....#......
.#...............≈....≈...#......


You could see a rime drake.

Vanquished Creatures
  Josephine (D:10)
  An ice dragon (D:9)
  Harold (D:7)
  A hydra (D:11)
  A two-headed ogre (D:4)
  An ugly thing (D:11)
  2 cyclopes
  A wolf spider (D:9)
  Joseph (D:9)
  A centaur zombie (D:10)
  A gargoyle (D:9)
  A spiny frog (D:11)
  A komodo dragon (shapeshifter) (D:9)
  A rime drake (Lair:1)
  A queen bee (D:9)
  2 trolls (D:11)
  Grinder (D:4)
  Prince Ribbit (D:9)
  2 hippogriffs
  A blink frog (D:11)
  Sigmund (D:3)
  A shadow (D:11)
  8 wraiths
  9 yaks
  2 soldier ants
  A water moccasin (D:8)
  4 sky beasts
  3 ice beasts
  4 phantoms
  3 black bears
  5 ogres
  4 wolves (D:11)
  A centaur (D:9)
  A crocodile (D:10)
  A big kobold (D:11)
  3 bullfrogs
  A gnoll sergeant (D:8)
  3 scorpions
  18 killer bees (D:9)
  3 electric eels (D:11)
  5 wights (D:10)
  2 crimson imps (D:10)
  5 howler monkeys
  A quasit (D:8)
  4 jellies
  7 hounds
  A centaur skeleton (D:7)
  A human zombie (Ossuary)
  Crazy Yiuf (D:5)
  A bullfrog skeleton (D:6)
  3 orc priests
  3 iguanas
  Ijyb (D:5)
  7 orc wizards
  6 worker ants
  A killer bee zombie (D:5)
  A hound skeleton (D:8)
  3 mummies (Ossuary)
  4 gnolls (D:8)
  A howler monkey skeleton (D:11)
  7 adders
  A shadow imp (D:8)
  An adder skeleton (D:5)
  4 worms
  8 leopard geckos
  21 orcs
  4 giant cockroaches
  7 hobgoblins
  8 jackals
  3 quokkas
  A ball python skeleton (D:6)
  8 bats
  9 frilled lizards
  A giant cockroach zombie (D:6)
  8 goblins
  2 goblin zombies (Ossuary)
  3 hobgoblin zombies (Ossuary)
  10 kobolds
  2 kobold zombies (Ossuary)
  A leopard gecko skeleton (D:6)
  An orc zombie (Ossuary)
  A quokka zombie (D:5)
  13 rats
281 creatures vanquished.

Vanquished Creatures (others)
  9 fungi (D:10)
  A plant (D:10)
10 creatures vanquished.

Grand Total: 291 creatures vanquished

Notes
Turn   | Place    | Note
-------+----------+-------------------------------------------
     0 | D:1      | KamiKatze the Merfolk Berserker began the quest for the
                  | Orb.
     0 | D:1      | Reached XP level 1. HP: 18/18 MP: 1/1
   376 | D:1      | Reached XP level 2. HP: 23/24 MP: 2/2
   477 | D:1      | Reached skill level 5 in Polearms
  1202 | D:2      | Reached XP level 3. HP: 30/30 MP: 3/3
  1211 | D:2      | Noticed a scorpion
  1233 | D:2      | Killed a scorpion
  1233 | D:2      | Reached skill level 6 in Polearms
  1233 | D:2      | Reached XP level 4. HP: 37/37 MP: 4/4
  1238 | D:2      | Reached ** piety under Trog
  1816 | D:2      | Reached skill level 7 in Polearms
  1816 | D:2      | Reached XP level 5. HP: 41/43 MP: 5/5
  1936 | D:3      | Noticed Sigmund
  1942 | D:3      | Killed Sigmund
  1942 | D:3      | Reached skill level 5 in Fighting
  1942 | D:3      | Reached skill level 8 in Polearms
  1942 | D:3      | Reached XP level 6. HP: 51/51 MP: 6/6
  2648 | D:4      | Found an opulent altar of Gozag.
  2906 | D:4      | Reached skill level 9 in Polearms
  3017 | D:4      | Noticed Grinder
  3017 | D:4      | Paralysed by Grinder for 4 turns
  3071 | D:4      | Killed Grinder
  3071 | D:4      | Reached skill level 10 in Polearms
  3071 | D:4      | Reached XP level 7. HP: 44/57 MP: 7/7
  3213 | D:4      | Noticed a two-headed ogre
  3225 | D:4      | Killed a two-headed ogre
  3225 | D:4      | Reached skill level 11 in Polearms
  3225 | D:4      | Reached XP level 8. HP: 49/65 MP: 8/8
  3596 | D:4      | Reached *** piety under Trog
  3678 | D:5      | Entered Level 5 of the Dungeon
  3768 | D:5      | Found a runed translucent door.
  3769 | D:5      | Noticed Crazy Yiuf
  3781 | D:5      | Killed Crazy Yiuf
  3942 | D:5      | Found a sand-covered staircase.
  3945 | D:5      | Noticed Ijyb
  3949 | Ossuary  | Entered an ossuary
  3949 | Ossuary  | Noticed a wraith
  3949 | Ossuary  | Noticed a wraith
  3949 | Ossuary  | Noticed a wraith
  4263 | Ossuary  | Noticed a wraith
  4277 | Ossuary  | Killed a wraith
  4277 | Ossuary  | Reached skill level 5 in Dodging
  4277 | Ossuary  | Reached XP level 9. HP: 71/71 MP: 9/9
  4414 | D:5      | Killed Ijyb
  4432 | D:5      | Got a warped chain mail
  4443 | D:5      | Identified the +2 chain mail of Cocytus {rPois rCorr Str-2
                  | Int-4} (You found it on level 5 of the Dungeon)
  4476 | D:5      | Found a staircase to the Ecumenical Temple.
  4509 | Temple   | Entered the Ecumenical Temple
  5185 | D:6      | Reached skill level 12 in Polearms
  5217 | D:6      | Reached skill level 1 in Evocations
  5248 | D:6      | Found Anuth's Weapon Emporium.
  6468 | D:7      | Noticed Harold
  6499 | D:7      | Killed Harold
  6499 | D:7      | Reached skill level 13 in Polearms
  6499 | D:7      | Reached skill level 5 in Armour
  6499 | D:7      | Reached XP level 10. HP: 80/80 MP: 11/11
  7009 | D:8      | Reached **** piety under Trog
  7039 | D:8      | Received a gift from Trog
  7530 | D:8      | Noticed a cyclops
  7545 | D:8      | Killed a cyclops
  7650 | D:8      | Found a glowing golden altar of the Shining One.
  7809 | D:9      | Noticed Prince Ribbit
  8122 | D:9      | Reached skill level 14 in Polearms
  8287 | D:9      | Noticed Joseph
  8639 | D:9      | Found a runed translucent door.
  8682 | D:9      | Killed Joseph
  8931 | D:9      | Reached XP level 11. HP: 61/87 MP: 12/12
  8988 | D:9      | Killed Prince Ribbit
  9282 | D:9      | Noticed an ice dragon
  9282 | D:9      | Noticed a wolf spider
  9292 | D:9      | Killed a wolf spider
  9303 | D:9      | Killed an ice dragon
  9303 | D:9      | Reached skill level 15 in Polearms
  9308 | D:9      | HP: 4/89 [poisoned by a wolf spider]
  9499 | D:10     | Entered Level 10 of the Dungeon
  9499 | D:10     | Found a blossoming altar of Fedhas.
  9789 | D:10     | Noticed Josephine
  9946 | D:10     | Killed Josephine
 10345 | D:10     | Reached skill level 16 in Polearms
 10754 | D:11     | Reached XP level 12. HP: 73/97 MP: 13/13
 10779 | D:11     | Found a portal to a secret trove of treasure.
 10919 | D:11     | Found a staircase to the Lair.
 11059 | D:11     | Reached ***** piety under Trog
 11794 | Lair:1   | Entered Level 1 of the Lair of Beasts
 11802 | Lair:1   | Reached skill level 10 in Fighting
 11869 | D:11     | Reached skill level 10 in Dodging
 11991 | Lair:1   | Noticed an eight-headed hydra
 12010 | D:11     | Killed an eight-headed hydra
 12013 | D:11     | Killed from afar by a rime drake

Skill      XL: |  1  2  3  4  5  6  7  8  9 10 11 12 |
---------------+-------------------------------------+-----
Polearms       | 5 6 7 8 10 11 13 14 16 | 16.7
Fighting       | 4 5 6 7 8 9 10 | 10.1
Armour         | 3 5 6 7 8 |  8.4
Dodging        | 4 5 6 8 9 10 | 10.1
Evocations     | 2 |  2.0

Action                   |  1- 3 |  4- 6 |  7- 9 | 10-12 || total
-------------------------+-------+-------+-------+-------++-------
Melee: Spear             |    86 |   272 |   466 |   175 ||   999
       Halberd           |       |       |       |   508 ||   508
       Trident           |       |       |       |   110 ||   110
 Fire: Blowgun           |       |       |       |     5 ||     5
Throw: Stone             |       |     2 |     3 |     4 ||     9
       Tomahawk          |       |       |    12 |     3 ||    15
       Javelin           |       |       |       |     4 ||     4
Invok: Berserk           |     1 |     2 |     5 |     4 ||    12
       Trog's Hand       |       |     2 |     1 |    10 ||    13
  Use: Scroll            |       |       |    15 |     7 ||    22
       Potion            |       |       |       |     2 ||     2
 Stab: Sleeping          |     2 |       |       |       ||     2
  Eat: Chunk             |     1 |     8 |     9 |    22 ||    40
       Ration            |       |       |     2 |     1 ||     3
Armor: Animal skin       |     6 |       |       |       ||     6
       Leather armour    |     3 |    17 |       |       ||    20
       Scale mail        |       |    38 |    93 |    92 ||   223
       Chain mail        |       |       |       |    89 ||    89
       Swamp dragon scal |       |       |       |    54 ||    54
Dodge: Dodged            |    35 |    80 |   108 |   426 ||   649
